Map: Jagannatha LE

Players

SKillous - Winner!

  • Race: Protoss Protoss

Denver

  • Race: Zerg Zerg

Event: DreamHack SC2 Masters 2021 Winter

VOD

Have the link to the VOD?

Description

Time

  • Played on: Oct. 2, 2021, 1:50 p.m.
  • Length: 9:38

All games in this series

Show
View Real Time Build Order
Export as new Build Order

SKillous Protoss - Winner!

Build Orders:  

Get SALT Encoding   

  12  0:00  Probe  
  13  0:12  Probe  
  14  0:20  Pylon  
  14  0:24  Probe  
  15  0:38  Probe (Chrono Boost)  
  15  0:40  Gateway  
  16  0:47  Assimilator, Probe (Chrono Boost)  
  17  0:52  Probe  
  18  1:04  Probe  
  19  1:16  Pylon  
  19  1:17  Probe  
  20  1:26  Zealot (Chrono Boost)  
  20  1:27  Cybernetics Core  
  20  1:29  Probe  
  23  1:34  Gateway  
  23  1:41  Probe  
  23  1:45  Zealot (Chrono Boost)  
  26  1:53  Probe  
  27  2:09  Adept (Chrono Boost)  
  29  2:22  Nexus  
  29  2:29  Probe  
  30  2:37  Adept  
  30  2:41  Probe  
  30  2:42  Stargate  
  31  2:45  Pylon  
  31  2:48  Assimilator  
  31  3:03  Probe  
  31  3:15  Probe  
  31  3:19  Warp Gate  
  32  3:26  Void Ray (Chrono Boost)  
  32  3:27  Probe (Chrono Boost)  
  31  3:37  Probe (Chrono Boost)  
  31  3:39  Probe (Chrono Boost)  
  31  3:40  Adept  
  39  3:41  Gateway  
  39  3:42  Probe (Chrono Boost)  
  39  3:48  Probe  
  41  3:53  Probe  
  42  4:00  Probe  
  43  4:06  Oracle, Probe  
  47  4:12  Probe  
  48  4:18  Probe  
  49  4:24  Probe (Chrono Boost)  
  49  4:29  Nexus  
  49  4:30  Pylon  
  51  4:33  Assimilator  
  51  4:34  Assimilator, Probe (Chrono Boost)  
  51  4:36  Probe (Chrono Boost)  
  52  4:43  Probe (Chrono Boost)  
  52  4:44  Stargate  
  52  4:45  Probe (Chrono Boost)  
  54  4:51  Probe  
  55  4:54  Probe  
  54  5:03  Probe (Chrono Boost)  
  54  5:05  Pylon  
  54  5:06  Void Ray  
  54  5:07  Forge  
  54  5:11  Probe (Chrono Boost)  
  54  5:14  Protoss Air Weapons Level 1  
  59  5:15  Probe (Chrono Boost)  
  59  5:19  Pylon  
  59  5:20  Probe x2 (Chrono Boost)  
  61  5:22  Void Ray  
  65  5:30  Probe x2  
  68  5:43  Probe (Chrono Boost), Shield Battery  
  68  5:45  Void Ray  
  68  5:47  Assimilator  
  68  5:48  Probe x2 (Chrono Boost)  
  68  5:49  Assimilator  
  69  5:53  Probe (Chrono Boost)  
  76  5:59  Void Ray, Probe (Chrono Boost)  
  76  6:00  Probe (Chrono Boost)  
  76  6:03  Probe (Chrono Boost)  
  77  6:05  Probe (Chrono Boost)  
  84  6:15  Adept, Probe x2 (Chrono Boost)  
  84  6:16  Probe (Chrono Boost)  
  85  6:22  Void Ray, Probe (Chrono Boost)  
  85  6:24  Probe  
  86  6:31  Fleet Beacon  
  90  6:32  Pylon  
  90  6:34  Stargate  
  90  6:36  Probe  
  90  6:38  Probe x2  
  93  6:43  Photon Cannon  
  93  6:45  Void Ray  
  93  6:50  Probe  
  93  6:51  Probe x2  
  98  7:03  Probe x2, Pylon  
  98  7:04  Pylon  
  100  7:10  Probe  
  100  7:14  Pylon  
  101  7:20  Void Ray (Chrono Boost)  
  101  7:21  Probe  
  102  7:22  Stalker  
  102  7:23  Adept  
  102  7:25  Void Ray x2 (Chrono Boost)  
  102  7:27  Probe  
  104  7:31  Shield Battery  
  104  7:33  Pylon  
  104  7:36  Flux Vanes  
  112  7:47  Probe  
  112  7:48  Adept x2  
  112  7:50  Void Ray  
  113  7:52  Probe  
  113  7:55  Void Ray  
  118  8:01  Photon Cannon  
  118  8:04  Photon Cannon, Shield Battery  
  118  8:05  Shield Battery  
  122  8:15  Pylon  
  122  8:16  Pylon  
  122  8:17  Pylon  
  122  8:18  Void Ray  
  122  8:26  Pylon  
  125  8:30  Probe  
  125  8:31  Void Ray  
  125  8:32  Probe  
  116  8:35  Probe  
  116  8:40  Photon Cannon  
  118  8:41  Void Ray  
  118  8:42  Photon Cannon, Probe  
  118  8:45  Photon Cannon  
  123  8:56  Adept x2  
  123  8:57  Probe  
  123  9:02  Photon Cannon  
  128  9:06  Shield Battery  
  128  9:12  Pylon  
  128  9:13  Pylon  
  128  9:16  Shield Battery  
  128  9:20  Adept  
Show
View Real Time Build Order
Export as new Build Order

Denver Zerg 

Build Orders: Pool First 

Get SALT Encoding   

  12  0:18  Spawning Pool  
  11  0:22  Drone  
  11  0:27  Drone  
  13  0:31  Drone  
  14  0:39  Overlord  
  14  1:05  Zergling x6  
  17  1:16  Zergling x2  
  18  1:21  Hatchery  
  17  1:28  Zergling x2  
  18  1:38  Zergling x2  
  18  1:39  Queen  
  19  1:42  Extractor  
  20  1:49  Overlord  
  20  2:02  Drone  
  21  2:13  Overlord  
  21  2:21  Drone  
  20  2:38  Queen  
  20  2:39  Drone x2  
  22  2:46  Metabolic Boost  
  22  2:53  Drone  
  22  2:55  Drone  
  24  3:00  Drone  
  24  3:03  Zergling x2  
  26  3:06  Zergling x2  
  26  3:08  Drone  
  25  3:23  Drone x2  
  25  3:24  Drone x2  
  27  3:30  Drone  
  28  3:37  Drone x2  
  30  3:42  Drone x2  
  32  3:52  Drone x2  
  34  4:02  Hatchery  
  34  4:04  Drone  
  34  4:06  Drone  
  34  4:08  Drone  
  36  4:12  Overlord  
  36  4:23  Overlord  
  35  4:28  Overlord  
  35  4:31  Drone x5  
  40  4:35  Zergling x4  
  40  4:37  Evolution Chamber  
  40  4:56  Drone x6  
  43  5:03  Drone x2  
  43  5:05  Spore Crawler  
  44  5:12  Evolution Chamber  
  44  5:13  Spore Crawler  
  44  5:14  Drone  
  43  5:15  Drone  
  43  5:20  Drone  
  45  5:24  Queen  
  47  5:29  Queen  
  47  5:33  Drone x2  
  51  5:37  Drone x3  
  51  5:41  Zerg Melee Weapons Level 1  
  53  5:46  Drone  
  53  5:47  Drone x2  
  56  5:52  Spore Crawler  
  56  5:53  Lair  
  56  5:56  Overlord  
  52  6:06  Drone x6  
  52  6:09  Drone x2  
  60  6:14  Baneling Nest  
  59  6:19  Zergling x2  
  59  6:20  Zergling x10  
  62  6:26  Queen  
  62  6:31  Zergling x8  
  68  6:33  Zergling x2  
  68  6:37  Queen  
  71  6:41  Drone  
  71  6:42  Drone  
  71  6:43  Overlord  
  73  6:47  Overlord  
  73  6:59  Zergling x6  
  73  7:01  Queen  
  73  7:03  Baneling x8  
  73  7:07  Extractor  
  73  7:08  Zergling x16, Extractor  
  81  7:09  Zergling x2  
  81  7:12  Queen  
  82  7:18  Queen  
  82  7:21  Zergling x8  
  84  7:28  Zergling x2  
  80  7:34  Zergling x12  
  80  7:36  Overseer  
  85  7:38  Extractor  
  85  7:39  Extractor  
  85  7:40  Drone x4  
  86  7:50  Zergling x6  
  82  7:51  Queen  
  82  7:53  Queen  
  82  7:57  Queen  
  85  7:58  Zergling x2  
  85  7:59  Zergling x8  
  90  8:06  Nydus Network  
  90  8:11  Overlord  
  89  8:14  Zergling x2  
  89  8:16  Overlord  
  90  8:26  Zergling x2  
  90  8:29  Queen  
  90  8:33  Zergling x14  
  93  8:46  Nydus Canal  
  93  8:48  Zergling x16  
  92  8:50  Queen  
  92  8:54  Queen  
  98  9:03  Zergling x8  
  98  9:04  Baneling x5  
  98  9:08  Overlord  
  104  9:13  Spore Crawler  
  104  9:14  Spore Crawler x3  

Tags
 
Add a new tag
Caveats
  • Supply blocks, unpowered buildings, or Contaminate may cause inaccurate times.
  • Supply counts are checked every 10 seconds.